 Dungeon Crawl Stone Soup version 0.27.1-1-g398f81649c (webtiles) character file.

Game seed: 11525033922354787842

515 Descartes the Ducker (level 7, -7/38 HPs)
             Began as a Deep Elf Wanderer on Sept 20, 2021.
             Mangled by Grinder (8 damage)
             ... while paralysed by Grinder
             ... on level 5 of the Dungeon.
             The game lasted 00:13:25 (6853 turns).

Descartes the Ducker (Deep Elf Wanderer)            Turns: 6853, Time: 00:13:25

Health: -7/38      AC:  2    Str:  8    XL:     7   Next: 0%
Magic:  9/13       EV:  2    Int: 21    God:
Gold:   185        SH:  0    Dex: 19    Spells: 8/12 levels left

rFire    . . .     SeeInvis .   a - +2 falchion
rCold    . . .     Faith    .   (no shield)
rNeg     . . .     Spirit   .   c - +0 robe
rPois    .         Reflect  .   (no helmet)
rElec    .         Harm     .   (no cloak)
rCorr    .         Rampage  .   (no gloves)
Will     .....                  (no boots)
Stlth    ++........             (no amulet)
HPRegen  0.12/turn              d - +4 ring of evasion
MPRegen  0.13/turn              l - +6 ring of dexterity

@: paralysed
A: no striking features
a: no special abilities


You were on level 5 of the Dungeon.
You visited 1 branch of the dungeon, and saw 5 of its levels.

You collected 185 gold pieces.

Inventory:

Hand Weapons
 a - a +2 falchion (weapon)
 j - a +0 hunting sling
Missiles
 e - 54 sling bullets
 h - 147 stones
 x - 16 arrows
 z - 10 poisoned darts
Armour
 c - a +0 robe (worn)
 f - a +0 kite shield
 y - a +0 tower shield
Jewellery
 d - a +4 ring of evasion (left hand)
 l - a +6 ring of dexterity (right hand)
 u - a ring of willpower
Wands
 s - a wand of flame (6)
Scrolls
 g - a scroll of silence {unknown}
 i - a scroll of noise {unknown}
 k - 3 scrolls of identify {unknown}
 o - a scroll of immolation {unknown}
 t - a scroll of teleportation {unknown}
 w - a scroll of blinking {unknown}
 A - a scroll of enchant weapon {unknown}
Potions
 b - a potion of lignification {unknown}
 m - a potion of berserk rage {unknown}
 n - a potion of heal wounds {unknown}
 p - a potion of degeneration {unknown}
 q - a potion of ambrosia {unknown}
 r - 2 potions of flight {unknown}
 B - a potion of haste {unknown}


   Skills:
 - Level 1.0 Fighting
 - Level 1.7 Long Blades
 - Level 1.0 Throwing
 + Level 4.9 Dodging
 - Level 1.2 Stealth
 + Level 3.1 Shields
 - Level 3.0 Spellcasting
 - Level 1.1 Fire Magic
 + Level 4.5 Ice Magic
 - Level 2.0 Air Magic


You had 8 spell levels left.
You knew the following spells:

 Your Spells              Type           Power      Damage    Failure   Level
a - Freeze                Ice            88%        1d10      1%          1
b - Frozen Ramparts       Ice            44%        1d6       6%          3

Your spell library contained the following spells:

 Spells                   Type           Power      Damage    Failure   Level


Dungeon Overview and Level Annotations

Branches:
Dungeon (5/15)
 Temple: D:4-7

Altars:
Fedhas

Shops:
D:2 [[*!*   D:4 [

Annotations:
D:5 1 runed translucent door, Grinder; RawMediocrity's ghost, novice FoFi


Message History

Aiming: Throw Flame
Press: ? - help, Shift-Dir - straight line, f/p - Grinder
Aim: Grinder (lightly wounded, 64% to hit)
The puff of flame hits Grinder.
Grinder is lightly wounded.
Grinder resists.
The wall freezes Grinder.
Grinder gestures at you. You resist with some effort.
Aiming: Throw Flame
Press: ? - help, Shift-Dir - straight line, f/p - Grinder
Aim: Grinder (lightly wounded, 64% to hit)
The puff of flame hits Grinder.
Grinder is lightly wounded.
Grinder completely resists.
The wall freezes Grinder but does no damage.
Grinder completely misses you.
You riposte.
You closely miss Grinder.
Grinder is lightly wounded.
You hit Grinder.
Grinder is moderately wounded.
Grinder completely resists.
The wall freezes Grinder but does no damage.
Grinder closely misses you.
Grinder completely resists.
The wall freezes Grinder but does no damage.
Grinder hits you but does no damage.
You hit Grinder.
Grinder is moderately wounded.
The frozen ramparts melt away.
Grinder hits you!
You writhe in agony.
You hit Grinder but do no damage.
Grinder is moderately wounded.
Grinder gestures at you.
You suddenly lose the ability to move!
Grinder completely misses you. Grinder hits you.
You writhe in agony.
* * * LOW HITPOINT WARNING * * *
Grinder hits you.
* * * LOW HITPOINT WARNING * * *
You writhe in agony.
* * * LOW HITPOINT WARNING * * *
Grinder hits you!
You die...

#............
.######+#............
.....................
...5.................
..................... .....
..................... +##....#
.....................
.......############'#............
##.....#........@...+............
⌠##....#........5...#............
..##...##....###'####............
...##..##..>.#...................
♣!.⌠#........#...................
...##........#...................
..##..########...................
W##..####.#....####'#............
+#..##....#....#....#............


You could see Grinder.

Vanquished Creatures
  An ogre (D:5)
  A phantom (D:5)
  A scorpion (D:4)
  A hound (D:5)
  A bullfrog skeleton (D:5)
  An iguana (D:4)
  Ijyb (D:4)
  An orc wizard (D:4)
  5 adders
  A white imp (D:5)
  An ufetubus (D:5)
  An adder skeleton (D:4)
  3 worms (D:2)
  2 dart slugs
  10 orcs
  9 endoplasms
  5 giant cockroaches
  8 goblins
  A hobgoblin (D:2)
  6 jackals (D:3)
  5 kobolds
  3 quokkas
  4 ball pythons
  7 bats
  A frilled lizard (D:1)
  9 rats
89 creatures vanquished.

Notes
Turn   | Place    | Note
-------+----------+-------------------------------------------
     0 | D:1      | Descartes the Deep Elf Wanderer began the quest for the
                  | Orb.
     0 | D:1      | Descartes set off with the following items: a +2 falchion,
                  | a potion of curing, a +0 robe; and the following spell
                  | memorised: Freeze; and the following spells available to
                  | memorise: Frozen Ramparts
     0 | D:1      | Reached XP level 1. HP: 12/12 MP: 6/6
   177 | D:1      | Reached skill level 1 in Ice Magic
   180 | D:1      | Reached skill level 1 in Dodging
   238 | D:1      | Reached XP level 2. HP: 15/16 MP: 8/8
   876 | D:2      | Reached XP level 3. HP: 11/20 MP: 9/9
  1190 | D:2      | Found Ugaet's Distillery.
  1492 | D:2      | Found Saryip's General Store.
  1568 | D:2      | Reached skill level 1 in Shields
  1693 | D:2      | Found Firri's General Store.
  1825 | D:2      | Found Defosuru's Armour Boutique.
  1913 | D:2      | Found Egrest's Armour Emporium.
  2255 | D:2      | Learned a level 3 spell: Frozen Ramparts
  2440 | D:3      | Reached XP level 4. HP: 13/25 MP: 10/10
  3286 | D:4      | Noticed Ijyb
  3294 | D:4      | Killed Ijyb
  3790 | D:4      | Reached XP level 5. HP: 11/29 MP: 8/11
  4223 | D:4      | Found Enwoithy's Antique Armour Shop.
  4610 | D:4      | Found a blossoming altar of Fedhas.
  4941 | D:4      | Reached XP level 6. HP: 11/34 MP: 8/12
  5570 | D:5      | Entered Level 5 of the Dungeon
  6603 | D:5      | Reached XP level 7. HP: 26/38 MP: 13/13
  6764 | D:5      | Found a runed translucent door.
  6764 | D:5      | Noticed RawMediocrity's ghost (novice FoFi)
  6826 | D:5      | Noticed Grinder
  6830 | D:5      | Paralysed by Grinder for 5 turns
  6849 | D:5      | Paralysed by Grinder for 7 turns
  6852 | D:5      | HP: 1/38 [Grinder (4)]
  6853 | D:5      | Mangled by Grinder

Illustrated notes

Levels and vault maps discovered:
D:1:      onia_arrival_handbag, layout_loops_ring, minmay_misc_feat_roman
D:2:      layout_basic, serial_shops, nicolae_shop_statue_plus, shop, shop,
          nicolae_shop_trees, nicolae_shop_trees
D:3:      layout_rooms, kennysheep_donut
D:4:      layout_layer_cave, mainiacjoe_overflow_surrounded_room, serial_shops,
          shop, uniq_ijyb
D:5:      layout_gridville, hellmonk_ghost_happy_afterlife,
          minmay_misc_feat_square, uniq_grinder

Skill      XL: |  1  2  3  4  5  6 |
---------------+-------------------+-----
Ice Magic      | 1 2 3 4 |  4.5
Dodging        | 1 2 3 4 |  4.9
Shields        | 1 2 3 |  3.1
Fighting       | |  1.0
Long Blades    | |  1.7
Throwing       | |  1.0
Stealth        | |  1.2
Spellcasting   | |  3.0
Fire Magic     | |  1.1
Air Magic      | |  2.0

Action                   |  1- 3 |  4- 6 |  7- 9 || total
-------------------------+-------+-------+-------++-------
Melee: Falchion          |   104 |    85 |     3 ||   192
 Cast: Freeze            |     9 |    28 |     2 ||    39
       Frozen Ramparts   |     1 |    12 |     1 ||    14
Evoke: Wand              |       |    14 |     2 ||    16
  Use: Potion            |       |     1 |       ||     1
 Stab: Sleeping          |     7 |     6 |       ||    13
Armor: Robe              |     6 |    15 |     1 ||    22
Dodge: Dodged            |    81 |    97 |     3 ||   181
       Rpst.: Falchion   |    30 |    28 |     1 ||    59
